 Dungeon Crawl Stone Soup version 0.23.0 (webtiles) character file.

Game seed: 8603316563285773506

5915 Kisielow the Destroyer (level 10, -3/60 HPs)
             Began as a Deep Elf Wizard on Feb 18, 2019.
             Was a Follower of Vehumet.
             Slain by a six-headed hydra (15 damage)
             ... on level 1 of the Lair of Beasts.
             The game lasted 00:55:17 (14217 turns).

Kisielow the Destroyer (Deep Elf Wizard)           Turns: 14217, Time: 00:55:19

Health: -3/60      AC:  4    Str:  2 (4)  XL:     10   Next: 53%
Magic:  6/21       EV: 14    Int: 23 (27) God:    Vehumet [*.....]
Gold:   398        SH:  3    Dex: 10 (13) Spells: 13/22 levels left

rFire    + . .     SeeInvis .   o - staff of poison
rCold    . . .     Gourm    .   g - +0 buckler
rNeg     . . .     Faith    .   a - +0 robe
rPois    +         Spirit   .   b - +1 hat
rElec    .         Reflect  .   n - +0 cloak
rCorr    +         Harm     .   (no gloves)
MR       +....                  (no boots)
Stlth    ++........             h - amulet of magic regeneration
HPRegen  0.20/turn              f - ring of resist corrosion
MPRegen  0.42/turn              G - ring of protection from fire

@: very slightly contaminated, studying Long Blades
A: hooves 1, deterioration 1
a: Renounce Religion


You were on level 1 of the Lair of Beasts.
You worshipped Vehumet.
Vehumet was aware of your devotion.
You were not hungry.

You visited 3 branches of the dungeon, and saw 10 of its levels.

You collected 398 gold pieces.

Inventory:

Armour
 a - a +0 robe (worn)
 b - a +1 hat (worn)
 g - a +0 buckler (worn)
 n - a +0 cloak (worn)
Magical Staves
 o - an uncursed staff of poison (weapon)
Jewellery
 f - a ring of resist corrosion (left hand)
 h - an amulet of magic regeneration (around neck)
 l - an uncursed ring of positive energy
 q - an uncursed ring of poison resistance
 v - a +2 amulet of reflection
 B - an uncursed ring of protection from cold
 E - an uncursed amulet of guardian spirit {unknown}
 G - a ring of protection from fire (right hand)
Scrolls
 k - a scroll of enchant weapon
 m - 3 scrolls of magic mapping
 p - a scroll of fog
 r - 4 scrolls of remove curse
 t - a scroll of enchant armour
 w - 5 scrolls of identify
 z - 2 scrolls of immolation
 D - a scroll of acquirement {unknown}
 H - a scroll of fear
Potions
 c - 3 potions of agility
 e - a potion of heal wounds
 i - a potion of might
 j - a potion of resistance
 s - a potion of brilliance
 u - 3 potions of curing
 x - a potion of berserk rage
 C - a potion of cancellation
Books
 A - a manual of Long Blades
Comestibles
 d - 5 rations


   Skills:
 + Level 5.8 Fighting
 + Level 7.9 Dodging
 - Level 2.4 Stealth
 + Level 6.5 Spellcasting
 * Level 10.8 Conjurations
 - Level 1.1 Summonings
   Level 1.1 Translocations
 + Level 10.5 Fire Magic


You had 13 spell levels left.
You knew the following spells:

 Your Spells              Type           Power        Failure   Level  Hunger
e - Conjure Flame         Conj/Fire      ######..     1%          3    #......
l - Call Imp              Summ           ##......     13%         2    None
q - Magic Dart            Conj           ####         1%          1    None
w - Mephitic Cloud        Conj/Pois/Air  #####...     9%          3    #......

Your spell library contained the following spells:

 Spells                   Type           Power        Failure   Level  Hunger
 Shock                    Conj/Air       ####         1%          1    None
 Blink                    Tloc           N/A          13%         2    None
 Slow                     Hex            #.......     21%         2    None


Dungeon Overview and Level Annotations

Branches:
Dungeon (8/15)             Temple (1/1) D:7            Lair (1/6) D:8

Altars:
Ashenzari
Elyvilon
Gozag
Hepliaklqana
Kikubaaqudgha
Makhleb
Nemelex Xobeh
Okawaru
Qazlal
Ru
Sif Muna
Trog
Vehumet
Wu Jian
Xom
Yredelemnul
Zin
The Shining One

Annotations:
D:4 Eustachio, Grinder


Innate Abilities, Weirdness & Mutations

You have large cloven feet.
Your body sometimes deteriorates upon taking damage.


Message History

Your crimson imp hits the six-headed hydra.
Casting: Magic Dart (safe; 1% risk of failure)
Confirm with . or Enter, or press ? or * to list all spells.
Aiming: Magic Dart (safe; 1% risk of failure)
Press: ? - help, Shift-Dir - straight line, f/p - six-headed hydra
Aim: a six-headed hydra (almost dead)
The magic dart hits the six-headed hydra.
The six-headed hydra is almost dead.
Casting: Magic Dart (safe; 1% risk of failure)
Confirm with . or Enter, or press ? or * to list all spells.
Aiming: Magic Dart (safe; 1% risk of failure)
Press: ? - help, Shift-Dir - straight line, f/p - six-headed hydra
Aim: a six-headed hydra (almost dead)
The magic dart hits the six-headed hydra.
The six-headed hydra is almost dead.
The six-headed hydra bites you. The six-headed hydra bites you!
The six-headed hydra bites you. The six-headed hydra bites you! x2
* * * LOW HITPOINT WARNING * * *
The six-headed hydra bites you!
You die...

. #.....## ##. .
#.......... .. #.....#
... + . .. #.....###.#
.#.. ... #......##.#
##...# #.#
#.....###'##.#...##
###.##..................
......................+
.....[......55.D@.....#
......................+
......................#
........................
#P+##....##P######....##
## ##...####.#..##.....
#....'..............
#....##......# .....
##....#......#


You could see a six-headed hydra and 2 friendly crimson imps.

Vanquished Creatures
  Pikel (D:4)
  Joseph (D:8)
  A spiny frog (Lair:1)
  A hippogriff (D:7)
  A wyvern (D:8)
  A yak (Lair:1)
  4 porcupines (Lair:1)
  An orc warrior (D:8)
  A sky beast (D:6)
  A slave (D:4)
  2 ice beasts
  A phantom (D:4)
  2 ogres
  A necrophage (D:8)
  4 centaurs
  A crocodile (Lair:1)
  6 bullfrogs
  A water moccasin skeleton (D:7)
  2 scorpions
  A howler monkey (D:6)
  2 crimson imps (D:6)
  2 hounds (D:5)
  5 orc priests
  2 bullfrog skeletons
  4 iguanas
  10 orc wizards
  2 centaur skeletons
  Terence (D:2)
  11 worker ants
  A hound zombie (D:8)
  2 hound skeletons (D:7)
  Robin (D:3)
  7 gnolls
  9 adders
  4 shadow imps
  An ooze (D:1)
  An adder zombie (D:6)
  A worm (D:3)
  A dart slug (D:1)
  5 leopard geckos
  24 orcs
  15 bats
  12 giant cockroaches
  2 gnoll zombies (D:2)
  13 goblins
  8 hobgoblins
  6 jackals
  5 kobolds
  6 quokkas
  A ball python (D:1)
  3 frilled lizards (D:2)
  A jackal skeleton (D:6)
  A quokka zombie (D:5)
  13 rats
216 creatures vanquished.

Vanquished Creatures (collateral kills)
  A spiny frog (Lair:1)
  A hippogriff (D:8)
  A yak (Lair:1)
  2 wargs (D:8)
  An orc warrior (D:6)
  A phantom (D:7)
  An ogre (D:6)
  3 centaurs
  A scorpion (D:8)
  A hound (D:8)
  An orc priest (D:7)
  A bullfrog skeleton (D:5)
  A gnoll shaman (D:6)
  A worker ant (D:6)
  A gnoll (D:6)
  2 worker ant zombies
  A dart slug (D:2)
  9 orcs
  A bat (D:2)
  A giant cockroach (D:6)
  4 goblins
  3 hobgoblins
  6 jackals
  A quokka (D:2)
  A frilled lizard (D:2)
  2 kobolds (D:2)
  3 rats (D:1)
52 creatures vanquished.

Grand Total: 268 creatures vanquished

Notes
Turn   | Place    | Note
-------+----------+-------------------------------------------
     0 | D:1      | Kisielow the Deep Elf Wizard began the quest for the Orb.
     0 | D:1      | Reached XP level 1. HP: 10/10 MP: 7/7
   313 | D:1      | Reached XP level 2. HP: 15/15 MP: 4/9
   543 | D:1      | Learned a level 2 spell: Call Imp
   845 | D:1      | Reached XP level 3. HP: 19/19 MP: 7/11
   857 | D:1      | Learned a level 3 spell: Conjure Flame
   861 | D:1      | Learned a level 3 spell: Mephitic Cloud
   992 | D:1      | Reached skill level 5 in Spellcasting
  1485 | D:2      | Noticed Terence
  1585 | D:2      | Reached skill level 1 in Fire Magic
  1588 | D:2      | Reached XP level 4. HP: 23/24 MP: 2/13
  1644 | D:2      | Killed Terence
  1909 | D:2      | Found a sparkling altar of Nemelex Xobeh.
  2754 | D:2      | Found a basalt altar of Yredelemnul.
  2962 | D:3      | Reached XP level 5. HP: 28/28 MP: 10/14
  3239 | D:3      | Reached XP level 6. HP: 38/38 MP: 15/15
  3311 | D:3      | Noticed Robin
  3873 | D:3      | Killed Robin
  4432 | D:4      | Noticed Grinder
  4432 | D:4      | Paralysed by Grinder for 7 turns
  4481 | D:4      | Reached XP level 7. HP: 43/44 MP: 5/16
  4685 | D:4      | Noticed Pikel
  4745 | D:4      | Killed Pikel
  4745 | D:4      | Reached skill level 5 in Fighting
  4745 | D:4      | Reached XP level 8. HP: 18/49 MP: 1/17
  4801 | D:4      | Noticed Eustachio
  5188 | D:4      | Gained mutation: Your body sometimes deteriorates upon
                  | taking damage. [potion of mutation]
  5188 | D:4      | Gained mutation: You have large cloven feet. [potion of
                  | mutation]
  5685 | D:5      | Entered Level 5 of the Dungeon
  5984 | D:5      | Found an opulent altar of Gozag.
  7524 | D:6      | Reached XP level 9. HP: 54/54 MP: 15/18
  9623 | D:7      | Found a staircase to the Ecumenical Temple.
  9633 | Temple   | Entered the Ecumenical Temple
  9682 | Temple   | Became a worshipper of Vehumet
  9759 | D:7      | Reached skill level 10 in Fire Magic
 10393 | D:7      | Reached skill level 10 in Conjurations
 10404 | D:7      | Found a glowing golden altar of the Shining One.
 11087 | D:8      | Found a staircase to the Lair.
 11429 | D:8      | Noticed Joseph
 11444 | D:8      | Killed Joseph
 11608 | D:8      | Reached XP level 10. HP: 59/59 MP: 15/20
 11705 | D:8      | Lost strength.
 12857 | D:8      | Reached * piety under Vehumet
 12857 | D:8      | Offered knowledge of Shock by Vehumet.
 13179 | D:8      | Found a shattered altar of Ashenzari.
 13499 | Lair:1   | Entered Level 1 of the Lair of Beasts
 13860 | Lair:1   | Noticed a spiny frog
 13878 | Lair:1   | Killed a spiny frog
 13920 | Lair:1   | Noticed a spiny frog
 13931 | Lair:1   | Killed a spiny frog
 14190 | Lair:1   | Noticed a six-headed hydra
 14217 | Lair:1   | Slain by a six-headed hydra

Skill      XL: |  1  2  3  4  5  6  7  8  9 10 |
---------------+-------------------------------+-----
Conjurations   | 2 3 4 7 8 9 10 | 10.8
Spellcasting   | 5 6 |  6.5
Fire Magic     | 1 8 9 10 | 10.5
Fighting       | 4 5 |  5.8
Dodging        | 6 7 |  7.9
Stealth        | |  2.4
Summonings     | |  1.1
Translocations | |  1.1

Action                   |  1- 3 |  4- 6 |  7- 9 | 10-12 || total
-------------------------+-------+-------+-------+-------++-------
Melee: Unarmed           |    10 |     1 |       |       ||    11
       Staff             |       |       |    30 |     3 ||    33
       Kick              |       |       |     8 |     1 ||     9
 Cast: Magic Dart        |    97 |   120 |   358 |    73 ||   648
       Call Imp          |    17 |    11 |    93 |    35 ||   156
       Mephitic Cloud    |     2 |    13 |    92 |    14 ||   121
       Conjure Flame     |       |     8 |    27 |     9 ||    44
Evoke: Wand              |       |       |       |    14 ||    14
  Use: Scroll            |       |    15 |     5 |     3 ||    23
       Potion            |       |     1 |     7 |       ||     8
 Stab: Confused          |       |       |     4 |     1 ||     5
  Eat: Chunk             |     2 |     9 |    15 |     2 ||    28
       Ration            |       |       |     3 |     3 ||     6
Armor: Robe              |    11 |     3 |    20 |     5 ||    39
Dodge: Dodged            |    35 |    14 |   132 |    44 ||   225
Block: Buckler           |       |       |    12 |     5 ||    17
